 Dungeon Crawl Stone Soup version 0.32-a0-898-g7811c86cf0 (webtiles) character file.

Game seed: 12850047540583623214

144 westonodom the Chopper (level 5, -1/45 HPs)
             Began as a Minotaur Fighter on Apr 5, 2024.
             Slain by a gnoll
             ... wielding a +0 club
             ... led by a gnoll bouda
              (6 damage)
             ... on level 4 of the Dungeon.
             The game lasted 00:04:42 (1172 turns).

westonodom the Chopper (Minotaur Fighter)           Turns: 1172, Time: 00:04:42

Health: -1/45      AC:  6    Str: 21    XL:     5   Next: 5%
Magic:  4/4        EV:  8    Int:  5    God:
Gold:   85         SH:  4    Dex: 11    Spells: 4/4 levels left

rFire   . . .        a - +0 war axe
rCold   . . .        c - +0 buckler
rNeg    . . .        b - +0 scale mail
rPois   .            (helmet restricted)
rElec   .            (no cloak)
rCorr   .            (no gloves)
SInv    .            (no boots)
Will    .....        (no amulet) Stlth
                     (no ring)
HPRegen 0.27/turn    (no ring)
MPRegen 0.09/turn

%: no passive effects
@: no status effects
A: horns 2, retaliatory headbutt
a: no special abilities


You were on level 4 of the Dungeon.
You visited 1 branch of the dungeon, and saw 4 of its levels.

You collected 85 gold pieces.

Inventory:

Hand Weapons
 a - a +0 war axe (weapon)
 p - a +2 dagger of flaming
   (You took it off an orc on level 4 of the Dungeon)
Armour
 b - a +0 scale mail (worn)
 c - a +0 buckler (worn)
 m - a +0 chain mail
   (You found it on level 3 of the Dungeon)
Scrolls
 e - a scroll of fog {unknown}
 f - 2 scrolls of teleportation {unknown}
 g - 2 scrolls of poison {unknown}
 h - a scroll of blinking {unknown}
 k - a scroll of revelation {unknown}
 l - a scroll of identify {unknown}
Potions
 d - a potion of might
 i - a potion of mutation {unknown}
 j - a potion of resistance {unknown}
 o - a potion of curing {unknown}


   Skills:
 - Level 3.6 Fighting
 * Level 6.4 Axes
 - Level 3.6 Armour
 - Level 3.6 Shields


You had 4 spell levels left.
You didn't know any spells.
Your spell library contained the following spells:

 Spells                   Type           Power      Damage    Failure   Level
 Apportation              Tloc           0%         N/A       87%         1
 Magic Dart               Conj           0%         1d3       87%         1
 Necrotise                Necr           0%         1d4       87%         1
 Sting                    Conj/Alch      0%         1d3       87%         1
 Summon Small Mammal      Summ           0%         N/A       87%         1
 Searing Ray              Conj           0%         2d4       95%         2
 Call Canine Familiar     Summ           0%         N/A       99%         3
 Sigil of Binding         Hex            0%         N/A       99%         3
 Dimensional Bullseye     Hex/Tloc       0%         N/A       100%        4
 Fulminant Prism          Conj/Alch      0%         3d5       100%        4


Dungeon Overview and Level Annotations

Branches:
Dungeon (4/15)
 Temple: D:4-7

Altars:
Zin
The Shining One

Shops:
D:1 =


Innate Abilities, Weirdness & Mutations

You have a pair of horns on your head.
You reflexively headbutt those who attack you in melee.


Message History

The liquid fire burns you! The kobold hits you but does no damage.
The bombardier beetle closely misses you.
You furiously retaliate!
You headbutt the bombardier beetle! You hit the bombardier beetle.
You kill the bombardier beetle!
You slash the kobold!
You kill the kobold!
The liquid fire burns you!
You have reached level 5!
You hit the endoplasm. The liquid fire burns you!
* * * LOW HITPOINT WARNING * * *
The endoplasm closely misses you.
The endoplasm hits you but does no damage.
You hit the endoplasm. You headbutt the endoplasm. The liquid fire burns you!
* * * LOW HITPOINT WARNING * * *
You block the endoplasm's attack.
You slash the endoplasm!
You kill the endoplasm!
The liquid fire burns you!
* * * LOW HITPOINT WARNING * * *
You are on fire!
Okay, then.
You shake off some of the fire as you move.
The liquid fire burns you!
* * * LOW HITPOINT WARNING * * *
Things that are here:
a +0 short sword; 4 stones Sorry, you're not good enough to have a special ability.
It was a potion of cancellation.
You are no longer on fire.
You feel magically purged.
A gnoll comes into view. It is wielding a +0 club.
You hear the slow hiss of an avalanche of sand very nearby.
Found a stone staircase leading down.
The gnoll hits you with a +0 club.
* * * LOW HITPOINT WARNING * * *
You slash the gnoll! You block the gnoll's attack.
Unknown command.
You closely miss the gnoll. The gnoll completely misses you.
You furiously retaliate!
You headbutt the gnoll, but do no damage.
The gnoll hits you with a +0 club.
* * * LOW HITPOINT WARNING * * *
You barely miss the gnoll. The gnoll hits you with a +0 club.
* * * LOW HITPOINT WARNING * * *
You hit the gnoll but do no damage. The gnoll hits you with a +0 club.
You die...

....... ......
...>.. .... ...
. #.# #.##g#####
#.#.@....#
.##.....?..+
#...........#
............# #
######......# #.
..#..)...#
#.#####.#....).#
#....<#.#......#
#..).##.#......#


You could see a gnoll.

Vanquished Creatures
  A bombardier beetle (D:4)
  A hound (D:3)
  3 adders
  7 orcs
  3 endoplasms
  3 giant cockroaches
  4 goblins
  5 hobgoblins
  4 jackals (D:3)
  A quokka (D:2)
  5 ball pythons
  5 bats
  4 frilled lizards
  5 kobolds
  3 rats
54 creatures vanquished.

Notes
Turn   | Place    | Note
-------+----------+-------------------------------------------
     0 | D:1      | westonodom the Minotaur Fighter began the quest for the
                  | Orb.
     0 | D:1      | Reached XP level 1. HP: 19/19 MP: 0/0
    32 | D:1      | Found Oxo Wynt's Jewellery Emporium.
    41 | D:1      | Reached skill level 3 in Axes
    66 | D:1      | Reached XP level 2. HP: 23/26 MP: 1/1
   221 | D:2      | Reached skill level 4 in Axes
   239 | D:2      | Reached XP level 3. HP: 31/31 MP: 2/2
   550 | D:3      | Reached skill level 5 in Axes
   550 | D:3      | Reached XP level 4. HP: 35/39 MP: 3/3
   921 | D:3      | Found a glowing silver altar of Zin.
  1094 | D:4      | Reached skill level 6 in Axes
  1103 | D:4      | Found a glowing golden altar of the Shining One.
  1159 | D:4      | Reached XP level 5. HP: 24/45 MP: 4/4
  1172 | D:4      | Slain by a gnoll

Illustrated notes

Levels and vault maps discovered:
D:1:      dpeg_arrival_arbitrary_a, layout_basic, serial_shops, shop, shop,
          minmay_split_cup_large
D:2:      cheibrodos_helix_gallery, layout_basic, minmay_liquid_box,
          uniq_crazy_yiuf_cottage
D:3:      layout_basic, mainiacjoe_overflow_concentric_impassable
D:4:      layout_basic, mainiacjoe_overflow_alcove_4, kennysheep_little_box,
          minmay_temple_entry_drinking_statues, nicolae_ossuary_entry_giza

Skill      XL: |  1  2  3  4 |
---------------+-------------+-----
Axes           | 3 4 5 6 |  6.4
Fighting       | |  3.6
Armour         | |  3.6
Shields        | |  3.6

Action                     |  1- 3 |  4- 6 || total
---------------------------+-------+-------++-------
  Melee: War axe           |    62 |    43 ||   105
         Headbutt          |     4 |     2 ||     6
    Use: Potion            |       |     1 ||     1
 Armour: Scale mail        |    45 |    41 ||    86
  Dodge: Dodged            |    21 |    20 ||    41
  Block: Buckler           |    12 |     9 ||    21

Table legend: (Time is in decaauts)
 A = Elapsed time spent in this place.
 B = Non-inter-level travel time spent in this place.
 C = Inter-level travel time spent in this place.
 D = Time resting spent in this place.
 E = Time spent auto-exploring this place.
 F = Levels seen in this place.
 G = Mean time per level.
                   A        B        C        D        E       F      G
               +--------+--------+--------+--------+--------+-----+--------+
         Total |   1204 |   1148 |     56 |     40 |    727 |   4 |  301.0 |
       Dungeon |   1204 |   1148 |     56 |     40 |    727 |   4 |  301.0 |
               +--------+--------+--------+--------+--------+-----+--------+

Top non-repeatable levels by time:
     D:3: 572 daAuts
     D:2: 403 daAuts
     D:1: 121 daAuts
     D:4: 106 daAuts
